 Dungeon Crawl Stone Soup version 0.30.0-15-g856e2d3f33 (webtiles) character file.

Game seed: 18203640773756256714

63 Edyrem the Sneak (level 4, 0/28 HPs)
             Began as a Kobold Brigand on May 20, 2023.
             Slain by an orc priest
             ... wielding a +0 dagger
              (2 damage)
             ... on level 2 of the Dungeon.
             The game lasted 00:03:02 (800 turns).

Edyrem the Sneak (Kobold Brigand)                    Turns: 800, Time: 00:03:02

Health: 0/28       AC:  4    Str:  8    XL:     4   Next: 30%
Magic:  4/4        EV: 15    Int: 12    God:
Gold:   165        SH:  0    Dex: 18    Spells: 3/3 levels left

rFire   . . .        n - +2 dagger
rCold   . . .        (no shield)
rNeg    . . .        b - +0 robe
rPois   .            (no helmet)
rElec   .            c - +0 cloak
rCorr   .            o - +0 pair of gloves
SInv    .            (no boots)
Will    .....        (no amulet)
Stlth   ++++         (no ring)
HPRegen 0.24/turn    (no ring)
MPRegen 0.09/turn

%: no passive effects
@: no status effects
A: small, no large weapons, nightstalker 3
a: no special abilities


You were on level 2 of the Dungeon.
You visited 1 branch of the dungeon, and saw 2 of its levels.

You collected 165 gold pieces.

Inventory:

Hand Weapons
 a - a +2 dagger of holy wrath
 n - a +2 dagger (weapon)
Missiles
 d - 12 poisoned darts (quivered)
 e - 3 curare-tipped darts
Armour
 b - a +0 robe (worn)
 c - a +0 cloak (worn)
 i - a +0 plate armour
 o - a +0 pair of gloves (worn)
Scrolls
 g - 3 scrolls of teleportation {unknown}
 k - 3 scrolls of identify {unknown}
 l - a scroll of immolation {unknown}
 m - a scroll of silence {unknown}
Potions
 f - a potion of attraction {unknown}
 h - a potion of curing {unknown}
 j - 2 potions of brilliance {unknown}
 p - a potion of might {unknown}
 q - a potion of haste {unknown}


   Skills:
 + Level 3.5 Fighting
 * Level 2.9 Short Blades
 - Level 2.1 Throwing
 - Level 3.1 Dodging
 + Level 5.3 Stealth


You had 3 spell levels left.
You didn't know any spells.
Your spell library contained the following spells:

 Spells                   Type           Power      Damage    Failure   Level
 Magic Dart               Conj           0%         1d3       32%         1
 Searing Ray              Conj           0%         2d4       45%         2
 Summon Guardian Golem    Hex/Summ       0%         N/A       69%         3
 Fulminant Prism          Conj/Hex       0%         3d5       97%         4
 Orb of Destruction       Conj           0%         9d5       100%        7
 Spellforged Servitor     Conj/Summ      0%         N/A       100%        7


Dungeon Overview and Level Annotations

Branches:
Dungeon (2/15)

Altars:


Innate Abilities, Weirdness & Mutations

You are small and have problems with some larger weapons.
You are completely attuned to the shadows.


Message History

The bat hits you but does no damage.
You hit the bat but do no damage.
The bat is severely wounded.
The bat hits you but does no damage. The bat misses you.
An orc priest comes into view. It is wielding a +0 dagger.
You hit the bat.
You kill the bat!
The orc priest mumbles some strange prayers to Beogh against you.
Beogh smites you! The orc hits you but does no damage.
You hit the orc.
The orc is severely wounded.
The orc completely misses you.
You hit the orc but do no damage.
The orc is severely wounded.
The orc priest looks satisfied for a moment.
The orc hits you with a +0 dagger.
An orc comes into view. It is wielding a +0 club.
You closely miss the orc.
The orc is severely wounded.
You hit the orc.
You kill the orc!
The orc priest hits you with a +0 dagger.
Items here: ) [ ††.
You barely miss the orc priest. The orc priest misses you.
You hit the orc priest.
The orc priest is lightly wounded.
The orc priest calls down the wrath of Beogh upon you.
You barely resist. You closely miss the orc priest.
The orc priest is lightly wounded.
The orc priest invokes the aid of Beogh against you.
Beogh smites you!
* * * LOW HITPOINT WARNING * * *
You hit the orc priest but do no damage.
The orc priest is lightly wounded.
The orc priest barely misses you.
You hit the orc priest but do no damage.
The orc priest is lightly wounded.
The orc priest hits you with a +0 dagger.
You die...

#....# ##.###
##.#########
...........#
##.#######.# ##.
.#.###.....# #..
.#.#...##### #o#
.#.#.### #o# ...#.#
##@# #.#..# #..#
#...## #.##
...############.#####
....<........#...†...
#.#...######........$
..###.# ###.......
...##.# #.......
...##.# ##..####


You could see an orc priest and an orc.

Vanquished Creatures
  Terence (D:2)
  An adder (D:2)
  An orc (D:2)
  5 endoplasms
  4 hobgoblins
  A quokka (D:1)
  A ball python (D:1)
  6 bats
  2 frilled lizards (D:2)
  3 kobolds
  2 rats (D:2)
27 creatures vanquished.

Notes
Turn   | Place    | Note
-------+----------+-------------------------------------------
     0 | D:1      | Edyrem the Kobold Brigand began the quest for the Orb.
     0 | D:1      | Reached XP level 1. HP: 12/12 MP: 1/1
   121 | D:1      | Reached XP level 2. HP: 18/18 MP: 2/2
   507 | D:2      | Noticed Terence
   535 | D:2      | Killed Terence
   536 | D:2      | Reached XP level 3. HP: 15/23 MP: 3/3
   669 | D:2      | Reached XP level 4. HP: 28/28 MP: 4/4
   798 | D:2      | HP: 1/28 [orc priest/divine providence (12)]
   800 | D:2      | Slain by an orc priest

Illustrated notes

Levels and vault maps discovered:
D:1:      scummos_arrival_checkerplants, layout_rooms
D:2:      layout_rooms, uniq_terence

Skill      XL: |  1  2  3 |
---------------+----------+-----
Dodging        | 2 3 |  3.1
Fighting       | 3 |  3.5
Short Blades   | |  2.9
Throwing       | |  2.1
Stealth        | |  5.3

Action                     |  1- 3 |  4- 6 || total
---------------------------+-------+-------++-------
  Melee: Dagger            |    34 |    17 ||    51
         Punch             |     1 |       ||     1
  Throw: Dart              |     3 |       ||     3
   Stab: Sleeping          |    14 |     5 ||    19
 Armour: Robe              |     3 |     3 ||     6
  Dodge: Dodged            |    10 |     5 ||    15
